 Dungeon Crawl Stone Soup version 0.18-a0-312-g61bb5a5 (webtiles) character file.

3601 Ordine the Cruncher (level 10, -5/63 HPs)
             Began as a Tengu Gladiator on Nov 27, 2015.
             Was a Priest of Dithmenos.
             Slain by a tentacled monstrosity (8 damage)
             ... on level 2 of the Abyss.
             The game lasted 00:27:10 (7832 turns).

Ordine the Cruncher (Tengu Gladiator)               Turns: 7832, Time: 00:27:11

Health: -5/63      AC:  8    Str: 17      XL:     10   Next: 10%
Magic:  11/11      EV:  9    Int: 13      God:    Dithmenos [***...]
Gold:   458        SH:  0    Dex: 18 (22) Spells: 0 memorised, 9 levels left

rFire  + + .     SeeInvis .     a - +1 quarterstaff
rCold  + . .     Clarity  .     m - +0 ring mail
rNeg   + . .     SustAt   .     (shield currently unavailable)
rPois  +         Gourm    .     c - +0 hat
rElec  +         Spirit   .     j - +0 cloak
rCorr  +         Warding  .     h - +1 pair of gloves
rMut   .         Stasis   .     (boots unavailable)
MR     .....                    (no amulet)
Stlth  +.........               v - ring "Weum" {rN+ Dex+4}
                                y - ring "Ukhlan" {*Contam rPois rF+ Str+2 Int+4}

@: resistant, very slightly contaminated, wreathed by umbra, constricted, not
resistant to hostile enchantments, very unstealthy
A: beak, talons 3, able to fly 1
a: Fly, Shadow Step, Renounce Religion


You were on level 2 of the Abyss.
You worshipped Dithmenos.
Dithmenos was most pleased with you.
You were not hungry.

You visited 2 branches of the dungeon, and saw 10 of its levels.
You visited the Abyss 1 time.

You collected 458 gold pieces.

Inventory:

Hand Weapons
 a - a +1 quarterstaff (weapon)
Missiles
 d - a throwing net (quivered)
Armour
 c - a +0 hat (worn)
 h - a +1 pair of gloves (worn)
 j - a +0 cloak (worn)
 m - a +0 ring mail (worn)
Magical Staves
 z - an uncursed staff of energy
Jewellery
 k - an uncursed ring of positive energy
 p - an uncursed ring of poison resistance
 v - the ring "Weum" (right hand) {rN+ Dex+4}
   (You found it on level 6 of the Dungeon)

   [ring of positive energy]

   It affects your dexterity (+4).
   It protects you from negative energy.
 x - an uncursed ring of protection from cold
 y - the ring "Ukhlan" (left hand) {*Contam rPois rF+ Str+2 Int+4}
   (You found it on level 7 of the Dungeon)

   [ring of protection from fire]

   It affects your strength (+2).
   It affects your intelligence (+4).
   It protects you from fire.
   It protects you from poison.
   It causes magical contamination when unequipped.
Scrolls
 l - 2 scrolls of fear
 q - a scroll of enchant weapon
 A - a scroll of fog
 C - a scroll of remove curse
Potions
 o - 2 potions of brilliance
 s - 2 potions of resistance
 t - a potion of curing
Comestibles
 e - 6 bread rations
 i - 5 meat rations
 n - 9 fruits
 r - a beef jerky
 u - a royal jelly
 D - 2 chunks of flesh


   Skills:
 + Level 7.1 Fighting
 + Level 13.4 Staves
 - Level 2.0 Throwing
 - Level 3.2 Dodging


You had 9 spell levels left.
You didn't know any spells.

Dungeon Overview and Level Annotations

Branches:
Dungeon (9/15)             Temple (1/1) D:5
   Lair: D:8-11         Orc: D:9-12

Altars:
Ashenzari
Cheibriados
Dithmenos
Elyvilon
Fedhas
Gozag
Kikubaaqudgha
Makhleb
Nemelex Xobeh
Okawaru
Qazlal
Ru
Sif Muna
Trog
Vehumet
Xom
Yredelemnul
Zin
The Shining One

Shops:
D:4 :

Annotations:
D:9 Erolcha


Innate Abilities, Weirdness & Mutations

You have a beak for a mouth.
You have claws for feet.
You can fly.


Message History

Found a glowing halberd.
You start resting.
You float gracefully downwards.
You start resting.
You flicker for a moment.
You start resting.
You flicker back into view.
Read which item? (? for menu, Esc to quit)
As you read the scroll of fog, it crumbles to dust.
The scroll dissolves into smoke.
The tentacled monstrosity tentacle-slaps you but does no damage.
The tentacled monstrosity tentacle-slaps you!
The tentacled monstrosity tentacle-slaps you.
The tentacled monstrosity grabs you.
The tentacled monstrosity constricts you!
Your attempt to break free from the tentacled monstrosity fails, but you feel that another attempt might succeed.
The tentacled monstrosity tentacle-slaps you!
* * * LOW HITPOINT WARNING * * *
The tentacled monstrosity tentacle-slaps you but does no damage.
The tentacled monstrosity tentacle-slaps you!
You die...

.# #.# ####
##..# #§§##...#
#§@§§###
######§X§#..#
#X..§§§§§§#.##
#.#..##§.####.#
#...
#§...###X###
.## ##. ###.##
##.....).. ..
.# #.###...# ..
.# .# . . .. .#


You could see a tentacled monstrosity.

Vanquished Creatures
  A two-headed ogre (D:7)
  Sigmund (D:4)
  2 wyverns (D:9)
  A yak (D:9)
  A deep elf mage (D:9)
  2 hungry ghosts
  4 ogres
  An orc warrior (D:8)
  2 ice beasts
  2 centaurs (D:5)
  2 elf zombies (D:4)
  A giant frog (D:7)
  3 elf skeletons (D:4)
  2 scorpions
  5 killer bees (D:5)
  3 crimson imps
  A giant frog skeleton (D:7)
  8 orc wizards
  4 orc priests
  A giant frog zombie (D:9)
  3 hounds
  4 worker ants
  A centaur skeleton (D:9)
  An iguana (D:4)
  17 adders
  4 gnolls (D:8)
  A shadow imp (D:5)
  An ooze (D:4)
  2 adder skeletons
  3 worms
  5 giant geckos
  23 orcs
  8 bats
  5 giant cockroaches
  9 goblins
  3 hobgoblins
  2 jackals (D:6)
  10 kobolds
  4 quokkas
  3 ball pythons
  A giant gecko zombie (D:4)
  3 giant newts
  A jackal skeleton (D:8)
  An orc skeleton (D:4)
  A quokka skeleton (D:4)
  6 rats
169 creatures vanquished.

Notes
Turn   | Place    | Note
--------------------------------------------------------------
     0 | D:1      | Ordine the Tengu Gladiator began the quest for the Orb.
     0 | D:1      | Reached XP level 1. HP: 12/12 MP: 2/2
   300 | D:1      | Reached XP level 2. HP: 15/17 MP: 3/3
   390 | D:1      | Reached skill level 4 in Staves
   755 | D:2      | Found a shadowy altar of Dithmenos.
   912 | D:2      | Reached XP level 3. HP: 18/21 MP: 4/4
  1197 | D:3      | Reached skill level 5 in Staves
  1219 | D:2      | Became a worshipper of Dithmenos the Shadowed
  1430 | D:2      | Reached XP level 4. HP: 23/26 MP: 5/5
  2599 | D:3      | Reached skill level 6 in Staves
  2599 | D:3      | Gained mutation: You can fly. [Tengu growth]
  2599 | D:3      | Reached XP level 5. HP: 30/30 MP: 6/6
  2953 | D:4      | Reached skill level 7 in Staves
  3014 | D:4      | Found Yngaezai's Book Shop.
  3156 | D:4      | Reached XP level 6. HP: 23/35 MP: 7/7
  3278 | D:4      | Noticed Sigmund
  3289 | D:4      | Killed Sigmund
  3289 | D:4      | Reached skill level 8 in Staves
  3319 | D:4      | Reached XP level 7. HP: 33/40 MP: 8/8
  3404 | D:4      | Reached * piety under Dithmenos
  3415 | D:4      | Reached skill level 9 in Staves
  4003 | D:4      | Reached skill level 10 in Staves
  4003 | D:4      | Reached XP level 8. HP: 41/44 MP: 9/9
  4131 | D:5      | Entered Level 5 of the Dungeon
  4322 | D:5      | Reached skill level 11 in Staves
  4543 | D:5      | Found a staircase to the Ecumenical Temple.
  4553 | Temple   | Entered the Ecumenical Temple
  4917 | D:5      | Reached ** piety under Dithmenos
  5434 | D:6      | Got a bound bone ring
  5435 | D:6      | Identified the ring "Weum" {rN+ Dex+4} (You found it on level 6 of the Dungeon)
  5761 | D:7      | Got a heavily runed bone ring
  5763 | D:7      | Identified the ring "Ukhlan" {*Contam rPois rF+ Str+2 Int+4} (You found it on level 7 of the Dungeon)
  5831 | D:7      | Reached skill level 12 in Staves
  5831 | D:7      | Reached XP level 9. HP: 51/51 MP: 10/10
  6241 | D:7      | Reached skill level 5 in Fighting
  6597 | D:8      | Reached *** piety under Dithmenos
  6725 | D:8      | Reached skill level 13 in Staves
  7552 | D:9      | Got an encrusted short sword
  7553 | D:9      | Identified the +3 short sword "Hydra's Undoing" {antimagic, rF++} (You found it on level 9 of the Dungeon)
  7705 | D:9      | Reached XP level 10. HP: 55/61 MP: 8/11
  7782 | D:9      | Noticed Erolcha
  7803 | D:9      | Cast into level 2 of the Abyss (Erolcha)
  7807 | Abyss:2  | Noticed a tentacled monstrosity
  7828 | Abyss:2  | Noticed a large abomination
  7832 | Abyss:2  | HP: 3/63 [tentacled monstrosity (17)]
  7832 | Abyss:2  | Slain by a tentacled monstrosity

Vault maps used:
D:1:      tarquinn_simple_flora_water_e, minmay_misc_feat_plants,
          corexii_leaking_fountain
D:2:      nicolae_overflow_hidden_temple
D:3:      minmay_strange_pillars
D:4:      serial_shops, shop, nicolae_ossuary_entry_catacombs, kennysheep_boxes,
          uniq_sigmund
D:5:      minmay_temple_entry_large_hall, first_bread
D:6:      minivault_26
D:7:      kennysheep_big_flooded_room, hex_intersection
D:9:      uniq_psyche, uniq_erica, uniq_erolcha
Temple:   kilobyte_greek_temple_18

Action                   |  1- 3 |  4- 6 |  7- 9 | 10-12 || total
-------------------------+-------+-------+-------+-------++-------
Melee: Quarterstaff      |    78 |   132 |   387 |    20 ||   617
Throw: Throwing net      |       |     1 |     6 |       ||     7
 Abil: Fly               |       |       |     1 |     1 ||     2
  Use: Scroll            |     7 |     2 |     7 |     2 ||    18
       Potion            |     1 |     1 |     4 |     6 ||    12
 Stab: Held in net/web   |       |     1 |     7 |       ||     8
       Sleeping          |       |       |     3 |       ||     3
       Invisible         |       |       |       |     4 ||     4
  Eat: Chunk             |     1 |     7 |    17 |     1 ||    26
